 Dungeon Crawl Stone Soup version 0.23-a0-808-gd21de94 (webtiles) character file.

646 Lanoc the Slasher (level 7, -13/55 HPs)
             Began as a Demonspawn Berserker on Jan 20, 2019.
             Was an Elder of Trog.
             Mangled by an ogre
             ... wielding a +0 giant club
              (35 damage)
             ... on level 4 of the Dungeon.
             The game lasted 00:06:04 (2999 turns).

Lanoc the Slasher (Demonspawn Berserker)            Turns: 2999, Time: 00:06:05

Health: -13/55     AC:  5    Str: 16 (19) XL:     7   Next: 27%
Magic:  7/7        EV: 13    Int:  7 (9)  God:    Trog [****..]
Gold:   192        SH:  0    Dex: 11 (12) Spells: 6/6 levels left

rFire    . . .     SeeInvis .   a - +0 falchion
rCold    . . .     Gourm    .   (no shield)
rNeg     . . .     Faith    .   b - +0 animal skin
rPois    .         Spirit   .   (helmet restricted)
rElec    .         Reflect  .   q - +0 cloak
rCorr    .         Harm     .   (no gloves)
MR       .....                  (no boots)
Stlth    +.........             (no amulet)
HPRegen  0.18/turn              (no ring)
MPRegen  0.10/turn              (no ring)

@: berserk cooldown, slowed, very slow
A: horns 2, iridescent scales 1, powered by death 2, rot immunity
a: Berserk, Trog's Hand, Brothers in Arms, Renounce Religion


You were on level 4 of the Dungeon.
You worshipped Trog.
Trog was greatly pleased with you.
You were hungry.

You visited 1 branch of the dungeon, and saw 4 of its levels.

You collected 192 gold pieces.

Inventory:

Hand Weapons
 a - a +0 falchion (weapon)
Armour
 b - a +0 animal skin (worn)
 q - a +0 cloak (worn)
Wands
 o - a wand of digging (6)
 p - a wand of acid (7)
Scrolls
 d - 3 scrolls of amnesia {unknown}
 e - 7 scrolls of identify {unknown}
 g - a scroll of random uselessness {unknown}
 i - a scroll of fog {unknown}
 j - 2 scrolls of remove curse {unknown}
 k - 4 scrolls of noise {unknown}
 r - a scroll of teleportation {unknown}
Potions
 f - a potion of degeneration
 h - a potion of agility {unknown}
 l - a potion of might {unknown}
 m - a potion of flight {unknown}
Comestibles
 c - 5 rations
 n - 2 chunks of flesh


   Skills:
 + Level 4.6 Fighting
 * Level 5.3 Long Blades
 + Level 3.6 Armour
 + Level 3.5 Dodging


You had 6 spell levels left.
You didn't know any spells.
Your spell library was empty.

Dungeon Overview and Level Annotations

Branches:
Dungeon (4/15)             Temple (0/1) D:4

Altars:
Elyvilon
Makhleb
Nemelex Xobeh


Innate Abilities, Weirdness & Mutations

You have a pair of horns on your head.
You are partially covered in iridescent scales. (AC +2)
You regenerate health from kills.
You are immune to rotting.


Message History

A quokka comes into view.
Found a scroll labeled INYOHEREHI.
Found a staircase to the Ecumenical Temple.
Found a yellow potion and a naga barding.
k - 4 scrolls labeled ZUKUSM IHOREB (gained 1)
Found 7 gold pieces.
r - a scroll labeled INYOHEREHI An ogre comes into view.
It is wielding a +0 giant club.
The ogre shouts!
Found 14 gold pieces.
You hit the ogre but do no damage. The ogre hits you with a +0 giant club!
You barely miss the ogre. The ogre barely misses you.
You riposte.
You barely miss the ogre.
The ogre hits you with a +0 giant club!!
It was a potion of degeneration.
There was something very wrong with that liquid.
You feel weakened.
You feel dopey.
You feel clumsy.
The ogre hits you with a +0 giant club!!
Ouch! That really hurt!
You die...

..... .....
##.#.......... .....
.....##...>.......##
....................#...#
........................#
.!...##.........#.#..# ##
... .###.............#
.##.# ...#........#.8.#.r
....#...........#.......#
......####....#.@.8.>.8.
.......# #.....O#.......
....###.....#...!.#.8[#.
.##......#..#...........
## ....####........#.#..
..## ..$........... ..#
#..........#. ##
#......##..$ . ......##
....


You could see an ogre.

Vanquished Creatures
  A phantom (D:4)
  Blork the orc (D:4)
  2 scorpions
  An orc priest (D:4)
  3 orc wizards
  Crazy Yiuf (D:3)
  Jessica (D:3)
  A worker ant (D:4)
  5 adders
  5 oozes
  4 worms
  5 dart slugs
  3 leopard geckos
  8 orcs
  A ball python (D:1)
  7 giant cockroaches
  7 hobgoblins
  13 jackals
  A quokka (D:2)
  8 bats
  8 frilled lizards
  8 goblins
  2 jackal skeletons (D:4)
  13 kobolds
  6 rats
115 creatures vanquished.

Notes
Turn   | Place    | Note
-------+----------+-------------------------------------------
     0 | D:1      | Lanoc the Demonspawn Berserker began the quest for the Orb.
     0 | D:1      | Reached XP level 1. HP: 18/18 MP: 1/1
   119 | D:1      | Gained mutation: You are partially covered in iridescent
                  | scales. (AC +2) [demonic ancestry]
   119 | D:1      | Reached XP level 2. HP: 23/24 MP: 2/2
   163 | D:1      | Reached skill level 3 in Long Blades
   249 | D:1      | Gained mutation: You have a pair of small horns on your
                  | head. [demonic ancestry]
   249 | D:1      | Reached XP level 3. HP: 28/29 MP: 3/3
   585 | D:1      | Reached ** piety under Trog
   878 | D:2      | Gained mutation: You regenerate a little health from kills.
                  | [demonic ancestry]
   878 | D:2      | Reached XP level 4. HP: 35/35 MP: 4/4
   939 | D:2      | Found a white marble altar of Elyvilon.
   939 | D:2      | Found a burning altar of Makhleb.
  1386 | D:2      | Reached skill level 4 in Long Blades
  1386 | D:2      | Gained mutation: You regenerate health from kills. [demonic
                  | ancestry]
  1386 | D:2      | Reached XP level 5. HP: 28/42 MP: 5/5
  1494 | D:3      | You fall through a shaft!
  1562 | D:3      | Reached *** piety under Trog
  2193 | D:3      | Noticed Jessica
  2197 | D:3      | Killed Jessica
  2251 | D:3      | Gained mutation: You have a pair of horns on your head.
                  | [demonic ancestry]
  2251 | D:3      | Reached XP level 6. HP: 44/48 MP: 6/6
  2311 | D:3      | Found a runed door.
  2315 | D:3      | Noticed Crazy Yiuf
  2322 | D:3      | Killed Crazy Yiuf
  2537 | D:3      | Found a sparkling altar of Nemelex Xobeh.
  2812 | D:4      | Reached skill level 5 in Long Blades
  2814 | D:4      | Gained mutation: You are immune to rotting. [demonic
                  | ancestry]
  2814 | D:4      | Reached XP level 7. HP: 28/55 MP: 7/7
  2816 | D:4      | Reached **** piety under Trog
  2962 | D:4      | Noticed Blork the orc
  2973 | D:4      | Killed Blork the orc
  2985 | D:4      | Found a staircase to the Ecumenical Temple.
  2999 | D:4      | Mangled by an ogre

Vault maps used:
D:1:      minmay_arrival_split_and_join
D:2:      grunt_temple_overflow_open, first_ration
D:3:      nemelex_xobeh_ov_fountains_minmay, uniq_jessica,
          uniq_crazy_yiuf_cottage
D:4:      lemuel_round_altar, minmay_temple_entry_sparse_star,
          uniq_blork_the_orc

Skill      XL: |  1  2  3  4  5  6 |
---------------+-------------------+-----
Dodging        | 2 3 |  3.5
Long Blades    | 3 4 5 |  5.3
Armour         | 2 3 |  3.6
Fighting       | 4 |  4.6

Action                   |  1- 3 |  4- 6 |  7- 9 || total
-------------------------+-------+-------+-------++-------
Melee: Falchion          |    84 |   194 |    14 ||   292
       Headbutt          |    12 |    40 |     3 ||    55
Invok: Berserk           |     2 |     5 |     1 ||     8
  Use: Potion            |       |       |     1 ||     1
 Stab: Sleeping          |     1 |     2 |       ||     3
  Eat: Chunk             |     2 |    10 |     2 ||    14
Armor: Animal skin       |    22 |    43 |     2 ||    67
Dodge: Dodged            |    64 |   141 |     2 ||   207
       Rpst.: Falchion   |    21 |    53 |     2 ||    76

Table legend:
 A = Non-vault XP
 B = Vault XP
 C = Vault XP percentage of total XP
 D = Non-vault monster count
 E = Vault monster count
 F = Vault count percentage of total count
                 A         B        C        D         E       F
            +---------+---------+-------+---------+---------+-------
      Total |     759 |     164 |  17.8 |     112 |       3 |   2.6
            +---------+---------+-------+---------+---------+-------
        D:1 |      77 |       0 |   0.0 |      34 |       0 |   0.0
        D:2 |     155 |       0 |   0.0 |      31 |       0 |   0.0
        D:3 |     127 |      74 |  36.8 |      26 |       2 |   7.1
        D:4 |     400 |      90 |  18.4 |      21 |       1 |   4.5
            +---------+---------+-------+---------+---------+-------
